 Dungeon Crawl Stone Soup version 0.22.0-13-g43fe8f2 (webtiles) character file.

226 Loudmushroom the Chopper (level 5, -12/47 HPs)
             Began as a Minotaur Fighter on Aug 16, 2018.
             Mangled by Crazy Yiuf
             ... wielding a +4 quarterstaff of chaos
              (15 damage)
             ... on level 2 of the Dungeon.
             The game lasted 00:07:32 (2600 turns).

Loudmushroom the Chopper (Minotaur Fighter)         Turns: 2600, Time: 00:07:33

Health: -12/47     AC:  7    Str: 21    XL:     5   Next: 69%
Magic:  4/4        EV:  7    Int:  5    God:
Gold:   119        SH:  9    Dex: 10    Spells: 4/4 levels left

rFire    . . .     SeeInvis .   a - +0 war axe
rCold    . . .     Gourm    .   c - +0 shield
rNeg     . . .     Faith    .   b - +0 scale mail
rPois    .         Spirit   .   (helmet restricted)
rElec    .         Reflect  .   (no cloak)
rCorr    .         Harm     .   (no gloves)
MR       .....                  (no boots)
Stlth    ..........             (no amulet)
HPRegen  0.15/turn              (no ring)
MPRegen  0.09/turn              (no ring)

@: lethally poisoned (-12 -> -25)
A: retaliatory headbutt, horns 2
a: no special abilities


You were on level 2 of the Dungeon.
You were very hungry.

You visited 1 branch of the dungeon, and saw 2 of its levels.

You collected 119 gold pieces.

Inventory:

Hand Weapons
 a - a +0 war axe (weapon)
 q - a +0 hunting sling
Missiles
 e - 70 arrows
 h - 19 sling bullets
 k - 73 stones (quivered)
 o - 24 poisoned needles
 p - 21 bolts
 r - 4 needles of frenzy
Armour
 b - a +0 scale mail (worn)
 c - a +0 shield (worn)
Jewellery
 w - an uncursed ring of magical power {unknown}
Scrolls
 g - a scroll of immolation {unknown}
 j - a scroll of remove curse {unknown}
 l - a scroll of identify {unknown}
 s - a scroll of amnesia {unknown}
 u - a scroll of blinking {unknown}
Potions
 d - a potion of might
 i - a potion of curing {unknown}
 m - 2 potions of ambrosia {unknown}
 n - 2 potions of mutation {unknown}
 t - a potion of heal wounds {unknown}
Comestibles
 f - 6 rations


   Skills:
 + Level 4.7 Fighting
 * Level 4.9 Axes
 + Level 4.7 Armour
 + Level 4.7 Shields


You had 4 spell levels left.
You didn't know any spells.
Your spell library was empty.

Dungeon Overview and Level Annotations

Branches:
Dungeon (2/15)

Altars:

Annotations:
D:2 Crazy Yiuf


Innate Abilities, Weirdness & Mutations

You reflexively headbutt those who attack you in melee.
You have a pair of horns on your head.


Message History

Crazy Yiuf freezes you.
Crazy Yiuf hits you with a quarterstaff of chaos!
Crazy Yiuf freezes you.
You hit Crazy Yiuf.
Crazy Yiuf is lightly wounded.
Crazy Yiuf hits you with a quarterstaff of chaos!
* * * LOW HITPOINT WARNING * * *
You are lethally poisoned!
You closely miss Crazy Yiuf.
Crazy Yiuf is lightly wounded.
* * * LOW HITPOINT WARNING * * *
You feel very sick.
Crazy Yiuf hits you with a quarterstaff of chaos!
* * * LOW HITPOINT WARNING * * *
You slash Crazy Yiuf! You headbutt Crazy Yiuf.
Crazy Yiuf is almost dead.
* * * LOW HITPOINT WARNING * * *
You feel sick.
Crazy Yiuf hits you with a quarterstaff of chaos!
You die...

#.....P.♣.P##
#####..#...#
#......#
#####.######
.<....## #......#
#.###.###♣♣ ####
#.# #...).♣♣
♣♣#..)# #.#
#..))..♣♣♣♣.@g..#
#.#
##...♣P.♣..♣#...#
..# ##).P.♣.♣♣♣
#### ### ###♣♣♣♣♣


You could see Crazy Yiuf.

Vanquished Creatures
  Sigmund (D:2)
  An adder (D:2)
  An ooze (D:2)
  A worm (D:2)
  A dart slug (D:1)
  2 leopard geckos (D:1)
  A giant cockroach (D:1)
  5 goblins
  4 hobgoblins
  7 jackals
  11 kobolds
  4 bats (D:1)
  2 frilled lizards (D:2)
  5 rats
  3 fungi (D:2)
49 creatures vanquished.

Notes
Turn   | Place    | Note
-------+----------+-------------------------------------------
     0 | D:1      | Loudmushroom the Minotaur Fighter began the quest for the Orb.
     0 | D:1      | Reached XP level 1. HP: 19/19 MP: 0/0
   275 | D:1      | Reached XP level 2. HP: 27/27 MP: 1/1
   786 | D:1      | Reached XP level 3. HP: 33/33 MP: 2/2
  1871 | D:2      | Reached XP level 4. HP: 40/40 MP: 3/3
  2006 | D:2      | Noticed Sigmund
  2018 | D:2      | Killed Sigmund
  2018 | D:2      | Reached XP level 5. HP: 26/47 MP: 4/4
  2591 | D:2      | Found a runed door.
  2595 | D:2      | Noticed Crazy Yiuf
  2600 | D:2      | Mangled by Crazy Yiuf

Skill      XL: |  1  2  3  4 |
---------------+-------------+-----
Axes           | 3 4 |  4.9
Shields        | 4 |  4.7
Fighting       | 4 |  4.7
Armour         | 4 |  4.7

Action                   |  1- 3 |  4- 6 || total
-------------------------+-------+-------++-------
Melee: War axe           |    99 |    25 ||   124
       Headbutt          |    15 |    10 ||    25
  Eat: Chunk             |     3 |     1 ||     4
Armor: Scale mail        |    56 |     2 ||    58
Dodge: Dodged            |    35 |     2 ||    37
Block: Shield            |    61 |     3 ||    64
